Cogmind - Beta 15 @@@ ROGUE MODE // 2025.05.15 @ 02:43:09 Player: Savant Result: Destroyed by G-50 Soldier with Heavy Laser Performance ------------- Evolutions (5) 2500 Regions Visited (12) 2400 Robots Destroyed (203) 1015 Value Destroyed (8807) 8807 Prototype IDs (24) 480 Alien Tech Used (0) 0 Bonus (2388) 2388 TOTAL SCORE: 17590 Bonus ------- High Alert Combat Kills 570 Follower Combat Kills 958 Entered Garrisons 200 Network Hubs Disabled 200 Met R17 at Cetus 500 Friendly Fire -40 Cogmind --------- Core Integrity 0/1000 Matter 114/300 Energy 98/100 System Corruption 12% Temperature Warm (141) Movement Treading (133) Location -5/Factory Parts ------- > --- POWER (2) -------- (None) > --- PROPULSION (6) --- Treaded FC Exoskeleton > --- UTILITY (6) ------ High-capacity Storage Unit Improved Hacking Suite > --- WEAPON (3) ------- (None) > --- INVENTORY (20) --- Armored Wheel Antigrav System Improved Heat Sink Advanced Heat Sink Large Storage Unit Energy Well (350) Improved Weapon Cycler Improved Component Analysis Suite Advanced Drone Bay (2/2) Wave Gun Coil Gun Heavy Flak Cannon Peak State ------------ > --- POWER ------------ Quantum Reactor Quantum-Fission Reactor > --- PROPULSION ------- Treaded FC Exoskeleton Armored Wheel > --- UTILITY ---------- Armored Scrap Engine High-capacity Storage Unit Centrium Medium Armor Plating Improved Shield Generator Improved Hacking Suite > --- WEAPON ----------- Coil Gun Coil Gun Hpw. Thermal Construct/G > --- INVENTORY -------- Meta Core Improved Heat Sink Advanced Heat Sink Large Storage Unit Energy Well ECM Suite Improved Utility Shielding Hardened Medium Armor Plating Heavy Insulated Plating Improved System Shield Improved Component Analysis Suite Thermic Laser Coil Gun Coil Gun Coil Gun Coil Gun Enhanced Gauss Cannon [Rating: 112] Favorites ----------- Power Micro Nuclear Core Engine Light Ion Engine Power Core Micro Nuclear Core Reactor Constructs Propulsion Light Treads Treads Light Treads Leg Thunder Leg Wheel Armored Wheel Utility High-capacity Storage Unit Device Armored Scrap Engine Storage High-capacity Storage Unit Hackware Improved Hacking Suite Protection Improved Light Armor Plating Weapon Subdweller Beam Cannon Energy Gun Subdweller Laser Energy Cannon Subdweller Beam Cannon Ballistic Gun Subdweller Machine Gun Ballistic Cannon Enhanced Gauss Cannon Launcher Improved Proton Missile Launcher Special Weapon Mining Laser Impact Weapon Power Maul Build | -11 -10 -10 -8 -8 -8 -6 -6 -6 -6 -6 -6 -5 ------- Run | Yrd Mat Sub Mat Sto Rec Fac Ext Cet Arc Hub Gar Fac Slots Evolved 10 | . . . 4 . . 4 . . . . . 2 Power 1 | . . . . . . . . . . . . 1 Propulsion 4 | . . . 1 . . 2 . . . . . 1 Utility 4 | . . . 2 . . 2 . . . . . . Weapon 1 | . . . 1 . . . . . . . . . Parts Attached 118 | 8 7 17 26 6 3 8 13 4 . 7 7 12 Power 11 | 1 1 2 2 1 . . 1 . . 1 1 1 Engine 4 | 1 . 2 . . . . 1 . . . . . Core 5 | . 1 . 2 1 . . . . . . . 1 Reactor 2 | . . . . . . . . . . 1 1 . Propulsion 21 | 2 . 4 9 1 . 2 2 . . . . 1 Treads 18 | 2 . 4 9 . . 1 2 . . . . . Leg 1 | . . . . . . . . . . . . 1 Wheel 2 | . . . . 1 . 1 . . . . . . Hover . | . . . . . . . . . . . . . Flight . | . . . . . . . . . . . . . Utility 46 | 3 2 2 10 2 3 5 8 3 . 2 2 4 Device 18 | 2 1 1 2 . 2 2 4 1 . 1 1 1 Storage 5 | 1 1 . 2 1 . . . . . . . . Processor . | . . . . . . . . . . . . . Hackware 5 | . . . . . 1 2 . . . 1 . 1 Protection 18 | . . 1 6 1 . 1 4 2 . . 1 2 Artifact . | . . . . . . . . . . . . . Weapon 40 | 2 4 9 5 2 . 1 2 1 . 4 4 6 Energy Gun 8 | . 1 3 . 1 . . . . . 2 . 1 Energy Cannon 9 | . 1 1 3 . . . 1 . . 2 1 . Ballistic Gun 12 | 2 . 3 . . . . 1 . . . 3 3 Ballistic Cannon 2 | . . . . . . . . . . . . 2 Launcher 5 | . 1 1 . 1 . 1 . 1 . . . . Special Weapon 2 | . 1 1 . . . . . . . . . . Impact Weapon 2 | . . . 2 . . . . . . . . . Slashing Weapon . | . . . . . . . . . . . . . Piercing Weapon . | . . . . . . . . . . . . . Special Melee Weapon . | . . . . . . . . . . . . . Unidentified Prototypes 4 | . . . . 1 1 . . 1 . 1 . . Corrupted Parts 5 | . . . . . 1 . . . . 3 1 . System Corruption 25 | . . . . . 3 . . . . 13 9 . Parts Lost 50 | . . 5 6 3 . 1 5 . . 6 3 21 Power 7 | . . 1 1 . . . 1 . . 1 . 3 Propulsion 10 | . . 3 2 . . 1 . . . . . 4 Utility 14 | . . . 1 1 . . 3 . . 1 . 8 Weapon 19 | . . 1 2 2 . . 1 . . 4 3 6 Highest Loss Streak 10 | . . 2 1 1 . 1 2 . . 6 1 10 To Critical Strikes . | . . . . . . . . . . . . . Average Backups 15 | 4 9 13 14 19 19 18 19 18 18 17 15 15 Power . | . 1 . . 1 1 . . 1 2 1 . . Propulsion 2 | 3 1 2 2 2 3 2 4 3 3 2 1 1 Utility 5 | . 1 5 4 3 4 5 6 8 8 7 8 8 Weapon 6 | 1 4 5 5 11 9 8 6 4 4 3 5 4 Tool/Special . | . . . . . . . . . . . . . Unused Backups 57 | . 6 6 4 . 8 3 7 9 1 2 3 8 Power 5 | . . . 1 . . 1 1 1 . . 1 . Propulsion 14 | . 3 1 2 . 2 . 1 2 . 1 1 1 Utility 10 | . . 1 1 . . . 1 1 1 . . 5 Weapon 27 | . 3 4 . . 6 2 4 5 . 1 . 2 Tool/Special 1 | . . . . . . . . . . . 1 . Average Slot Usage (%) 84 | . 99 99 96 99 78 77 70 66 57 59 64 53 Engine 4 | . 8 11 1 . . . . . . . . . Core 4 | . 5 2 6 9 9 5 4 6 1 4 . 2 Treads 18 | . 27 28 26 23 16 7 16 17 6 . . 1 Leg 1 | . . . . . . 5 2 . 1 5 6 4 Wheel 1 | . . . . 3 4 9 . . . . . . Device 13 | . 14 13 14 10 16 16 11 13 13 13 13 9 Storage 9 | . 14 14 9 9 9 6 6 6 6 6 6 5 Hackware 1 | . . . . . . 3 3 . . 5 6 5 Protection 6 | . . . 10 16 2 4 11 13 13 6 6 3 Energy Gun 3 | . 5 4 8 5 3 . . . . 1 2 2 Energy Cannon 8 | . 7 8 9 12 6 5 6 5 5 9 8 1 Ballistic Gun 5 | . 14 13 . . . . 1 . . . 5 6 Impact Weapon 2 | . . . 8 9 8 5 . . . . . . Peak Build Rating 112 | 9 12 17 36 39 53 66 80 92 101 110 106 112 Average Rating 46 | 6 9 12 28 37 48 63 74 86 96 100 97 95 On Entrance 52 | . 8 10 14 34 39 53 66 77 92 100 89 95 Naked Turns . | . . . . . . . . . . . . . Heaviest Build 106 | 12 31 43 74 72 66 65 72 79 79 92 90 106 Greatest Support 204 | 40 40 40 65 60 66 106 109 109 131 204 174 131 Greatest Overweight (x) 5 | 1 . 1 1 5 5 5 5 . . . . . Average Overweight (x) . | . . . . 2 2 2 . . . . . . Largest Inventory Capacity 20 | 8 15 15 20 20 20 20 20 20 20 20 20 20 Average Capacity 17 | 7 11 15 15 20 20 20 20 20 20 20 20 20 Most Carried 20 | 8 13 15 20 20 20 20 20 20 20 20 20 20 Average Carried 16 | 5 9 14 14 19 19 18 19 19 19 18 16 16 Final Capacity 20 | 8 15 15 20 20 20 20 20 20 20 20 20 20 Final Carried 20 | 8 13 15 20 20 18 19 20 20 20 19 15 13 Scrap Engine Consumption 139 | . . . . . 33 11 35 16 6 7 19 12 Constructs Created 7 | . . . . . 2 . 1 . . . 2 2 Constructs Modified 50 | . . . . . 7 4 19 3 9 2 2 4 Class Distribution -------------------- 37% | Mutant 19% | Construct 19% | Scavenger-Mutant 9% | Commander-Mutant 7% | Commander-Construct 3% | Scavenger-Construct Dominant Class ---------------- Mutant | -10/Materials Scavenger-Mutant | -10/Subcaves Mutant | -8/Materials Mutant | -8/Storage Commander-Mutant | -8/Recycling Commander-Mutant | -6/Factory Construct | -6/Extension Commander-Construct | -6/Cetus Construct | -6/Archives Construct | -6/Hub_04(d) Construct | -6/Garrison Construct | -5/Factory Resources | -11 -10 -10 -8 -8 -8 -6 -6 -6 -6 -6 -6 -5 ----------- Run | Yrd Mat Sub Mat Sto Rec Fac Ext Cet Arc Hub Gar Fac Matter Collected 4517 | 241 396 875 636 271 60 291 210 114 10 269 700 444 Remotely . | . . . . . . . . . . . . . Salvage Created 8232 | 61 453 584 1266 943 . 265 1432 446 159 607 1266 750 Parts 395 | 8 22 42 75 52 . 19 33 14 8 28 53 41 Haulers Intercepted 6 | . 2 . 3 1 . . . . . . . . Recyclers Shooed 11 | . 1 . 2 1 . 1 3 . . . . 3 Parts Field Recycled . | . . . . . . . . . . . . . Retrieved Matter . | . . . . . . . . . . . . . Parts Self-Destructed 26 | . . 26 . . . . . . . . . . Prevented . | . . . . . . . . . . . . . Kills | -11 -10 -10 -8 -8 -8 -6 -6 -6 -6 -6 -6 -5 ------- Run | Yrd Mat Sub Mat Sto Rec Fac Ext Cet Arc Hub Gar Fac Combat Hostiles Destroyed 167 | . 9 18 33 19 . 11 14 5 2 14 25 17 Melee 7 | . . . 3 1 . 1 . . . . . 2 Guns 40 | . 4 10 8 . . . 1 . . 3 5 9 Cannons 63 | . 2 6 8 11 . 6 7 1 2 9 10 1 AOE 33 | . 3 1 6 4 . 4 . . . 2 8 5 Classes Destroyed 18 | 1 5 2 3 1 . . 2 . . 2 . 2 Worker 5 | . . . . 5 . . . . . . . . Builder 5 | . . . 1 2 . . 1 . . . . 1 Tunneler 3 | 3 . . . . . . . . . . . . Hauler 6 | . 2 . 3 1 . . . . . . . . Recycler 5 | . . . 1 . . . 4 . . . . . Operator 1 | . . . . . . . . . . . . 1 Watcher 11 | . 3 . 3 2 . . 1 2 . . . . Swarmer 52 | . 3 7 16 4 . 9 . . . . 8 5 Grunt 48 | . 5 . 9 9 . . 7 . . 4 11 3 Brawler 2 | . . . 1 . . . . . . . . 1 Duelist 2 | . . . . . . . . . . . . 2 Protector 2 | . . . . . . . . . . 1 . 1 Sentry 25 | . . 1 7 6 . 2 3 . 2 2 1 1 Hunter 7 | . . . . . . . 3 . . 1 3 . Programmer 9 | . . . . . . . . . . 3 2 4 Behemoth 1 | . . . . . . . 1 . . . . . Cetus Guard 5 | . . . . . . . . 5 . . . . Lightning 3 | . . . . . . . . . . 3 . . Artisan 1 | . . 1 . . . . . . . . . . Subdweller 11 | . 1 10 . . . . . . . . . . Best Kill Streak 14 | 1 4 4 8 14 . 7 2 4 1 3 4 6 Combat Bots Only 7 | . 4 4 7 7 . 7 2 3 1 3 4 5 Max Kills in Single Turn 5 | 1 2 2 3 5 . 2 1 2 1 1 3 2 Gunslinging 1 | . . 1 . . . . . . . . . . Exploded 3 | . 2 1 3 2 . 2 . . . 1 3 2 Melee 1 | . . . 1 1 . 1 . . . . . 1 Uniques/NPCs Destroyed . | . . . . . . . . . . . . . Combat | -11 -10 -10 -8 -8 -8 -6 -6 -6 -6 -6 -6 -5 -------- Run | Yrd Mat Sub Mat Sto Rec Fac Ext Cet Arc Hub Gar Fac Hostile Shots Fired 1646 | . 41 84 166 122 . 103 288 19 3 163 175 482 Missed 478 | . 10 24 44 31 . 29 94 7 1 45 48 145 Hits 1168 | . 31 60 122 91 . 74 194 12 2 118 127 337 Melee 9 | . . . . . . . . . . . . 9 Projectile 1159 | . 31 60 122 91 . 74 194 12 2 118 127 328 AOE 2 | . . . . . . . . . . 1 . 1 Critical Strikes 44 | . . 2 5 3 . . 2 2 . 8 3 19 Actively Blocked 1 | . . . . . . . 1 . . . . . Part Disruptions 1 | . . . . . . . . . . 1 . . Damage Taken 19862 | . 369 900 1488 1374 . 825 2312 368 43 3209 2061 6913 Core 2073 | . 73 126 101 138 . 51 212 . . 218 139 1015 Absorbed by Shields 379 | . . . . . . 90 87 . . . . 202 Redirected to Shielding 211 | . . . . . . . 133 15 . . . 63 Ignored by Resistances 19 | . . . . . . . . . . . . 19 Regen/Repaired (Parts) 4682 | . . . 94 543 5 275 725 116 146 839 747 1192 Core Remaining (%) 50 | 100 . 20 . . 56 . . . . . 27 . Volleys Fired 593 | 9 38 104 50 32 . 22 56 11 5 72 118 76 Largest 3 | 2 2 2 3 2 . 1 2 2 1 2 3 3 Hottest 240 | 40 100 120 200 160 . 59 124 92 49 240 169 145 Shots Fired 849 | 18 65 124 86 58 . 22 69 12 5 88 167 135 Gun 317 | 18 32 54 47 1 . . 4 . . 24 39 98 Cannon 451 | . 24 39 35 52 . 16 65 3 5 53 122 37 Launcher 49 | . 3 5 4 5 . 6 . 9 . 11 6 . Special 32 | . 6 26 . . . . . . . . . . Kinetic 312 | 18 27 42 8 1 . . 4 . . 38 73 101 Thermal 416 | . 35 79 69 53 . 16 21 3 5 50 51 34 Explosive 20 | . 3 3 4 4 . 6 . . . . . . Electromagnetic 101 | . . . 5 . . . 44 9 . . 43 . Robot Hit Streak 39 | 4 11 13 7 13 . 11 39 8 10 5 9 8 Robot Miss Streak 5 | 2 3 2 3 2 . 1 3 . . 5 5 4 Penetration Max 1 | . . . . . . . . . . . 1 1 Secondary Targets 2 | . . 2 . . . . . . . . . . Max Gunslinging Chain 1 | . . 1 . . . . . . . . . . Shots Hit Robots 466 | 11 35 53 79 50 . 18 63 2 2 34 63 56 Core Hits 275 | 5 18 21 34 29 . 14 22 14 2 35 39 42 Critical Kills 7 | . 1 3 1 1 . . . . . . 1 . Critical Parts Destroyed 13 | . . . 5 4 . . 1 . . . 1 2 Critical Strikes 24 | . 1 3 7 5 . . 3 . . . 2 3 Burn 1 | . . . . . . . 1 . . . . . Meltdown 2 | . . 1 . 1 . . . . . . . . Destroy 9 | . 1 2 2 . . . . . . . 2 2 Blast 1 | . . . . . . . . . . . . 1 Smash 11 | . . . 5 4 . . 2 . . . . . Melee Attacks 133 | . . . 71 33 8 13 8 . . . . . Impact 133 | . . . 71 33 8 13 8 . . . . . Slashing . | . . . . . . . . . . . . . Piercing . | . . . . . . . . . . . . . Sneak Attacks 10 | . . . 8 1 . . 1 . . . . . Combat Hostiles 2 | . . . 2 . . . . . . . . . Follow-up Attacks . | . . . . . . . . . . . . . Damage Inflicted 20986 | 107 798 1345 3295 2413 . 1173 2820 1180 148 2695 2288 2724 Guns 3734 | 107 309 500 633 18 . . 87 . . 481 433 1166 Cannons 8559 | . 246 621 544 1149 . 507 2483 140 148 1125 1303 293 Explosions 5818 | . 243 224 320 626 . 531 . 1040 . 1089 552 1193 Melee 2802 | . . . 1797 620 . 135 250 . . . . . Ramming 73 | . . . 1 . . . . . . . . 72 Kinetic 5515 | 107 236 564 93 295 . . 87 . . 2047 753 1333 Thermal 6476 | . 319 781 970 1167 . 507 876 223 148 648 501 336 Explosive 2219 | . 243 . 320 331 . 531 . . . . . 794 Electromagnetic 3901 | . . . 114 . . . 1607 957 . . 1034 189 Impact 2802 | . . . 1797 620 . 135 250 . . . . . Slashing . | . . . . . . . . . . . . . Piercing . | . . . . . . . . . . . . . Highest Corruption 45 | . . . . . 3 . . . . 40 45 12 Average Corruption 27 | . . . . . 3 . . . . 34 41 5 Corruption Purged 5 | . . . . . . . . . . . 5 . Corruption Blocked . | . . . . . . . . . . . . . Effects 134 | . . . . . . . . . . 21 88 25 Message Errors 39 | . . . . . . . . . . 3 30 6 Matter Fused 23 | . . . . . . . . . . 5 16 2 Heat Flow Errors 15 | . . . . . . . . . . 1 11 3 Energy Discharges 15 | . . . . . . . . . . 5 7 3 Parts Rejected 2 | . . . . . . . . . . 1 . 1 Data Loss (minor) 15 | . . . . . . . . . . 3 5 7 Data Loss (major) 3 | . . . . . . . . . . 1 2 . Misfires 5 | . . . . . . . . . . 1 2 2 Alerts 4 | . . . . . . . . . . 1 3 . Misdirections 1 | . . . . . . . . . . . . 1 Weapon Failures 12 | . . . . . . . . . . . 12 . Overload Shots . | . . . . . . . . . . . . . Overflow Damage 1561 | . 26 . 733 313 . 29 239 7 . 167 33 14 Projectiles 335 | . 3 . 42 7 . . 110 . . 140 33 . Explosions 161 | . 23 . 61 2 . 27 . 7 . 27 . 14 Melee 1065 | . . . 630 304 . 2 129 . . . . . Knockbacks 19 | . . . 7 2 . . . . . 4 2 4 Impact 7 | . . . 6 1 . . . . . . . . Kinetic 10 | . . . . . . . . . . 4 2 4 Secondary 2 | . . . 1 1 . . . . . . . . Self-Inflicted Damage 626 | . . 4 11 131 . 145 . . . 56 39 240 Shots 17 | . . 1 1 3 . 4 . . . 2 2 4 Rammed 9 | . . . . . . . 1 . . . . 8 Targets Rammed 13 | . . . 1 . . . 1 . . . . 11 Kicked 1 | . . . . . . . . . . . . 1 Crushed 3 | . . . 1 . . . . . . . . 2 Highest Temperature 352 | . 78 60 201 270 . 46 52 1 4 352 307 170 Average Temperature 63 | . 21 16 73 96 . 22 18 1 4 110 87 24 Received Heat Transfer 4549 | . 165 123 522 567 . 126 429 . 9 138 483 1987 Effects 4 | . . . 3 . . . . . . 1 . . Energy Bleed 1 | . . . . . . . . . . 1 . . Interference 3 | . . . 3 . . . . . . . . . Siege Activations . | . . . . . . . . . . . . . Martial Activations . | . . . . . . . . . . . . . Shielding Activations . | . . . . . . . . . . . . . Robots Disrupted 1 | . . . . . . . . . . . 1 . Combat Hostiles 1 | . . . . . . . . . . . 1 . Robots Corrupted 28 | . . . 11 3 . . 8 4 . . 2 . Combat Hostiles 22 | . . . 8 2 . . 6 4 . . 2 . Parts Fried 43 | . . . 15 3 . . 18 3 . . 4 . Impact Corruptions 41 | . . . 25 11 . 1 4 . . . . . Robots Melted 2 | . . 1 . 1 . . . . . . . . Combat Hostiles 2 | . . 1 . 1 . . . . . . . . Parts Melted 12 | . . 2 2 4 . 1 2 . . . 1 . Heat Transferred 8019 | . 703 1088 1205 1591 . 481 778 200 100 903 470 500 Parts Sabotaged 2 | . . . . . . . . . . . . 2 Parts Stolen . | . . . . . . . . . . . . . Parts Stripped . | . . . . . . . . . . . . . Power Chain Reactions 4 | . . . . . . . . 1 . . 2 1 Alert | -11 -10 -10 -8 -8 -8 -6 -6 -6 -6 -6 -6 -5 ------- Run | Yrd Mat Sub Mat Sto Rec Fac Ext Cet Arc Hub Gar Fac Maximum Alert Level 3 | . . . 2 2 . 1 . . . . 3 3 Low Security (%) 65 | 100 100 . 19 45 100 97 100 100 100 100 9 . Level 1 12 | . . . 32 52 . 2 . . . . 11 . Level 2 14 | . . . 48 2 . . . . . . 32 59 Level 3 6 | . . . . . . . . . . . 45 40 Level 4 . | . . . . . . . . . . . . . Level 5 . | . . . . . . . . . . . . . High Security . | . . . . . . . . . . . . . Max Security . | . . . . . . . . . . . . . Peak Influence 1026 | 5 118 . 487 426 104 203 87 185 78 126 1026 961 Initial 538 | . . . . 176 81 154 86 40 46 . 54 538 Average 202 | 1 33 . 320 202 14 122 27 119 20 59 629 643 Influence Increases 7146 | 15 278 215 1048 837 147 786 578 265 112 616 1002 1247 Destroy 0b10 Robot/C 3440 | . 160 160 660 400 20 360 360 160 80 260 500 320 Destroy 0b10 Robot/NC 210 | 15 25 . 40 50 . . 40 10 . 15 . 15 Destroy Leader 610 | . 40 10 152 106 . 60 72 . . 80 40 50 Allied During Kill 231 | . . . . 21 13 73 52 58 14 . . . Successful Hack 218 | . 5 . 23 41 17 23 32 . . 56 . 21 Select Force Hacks 150 | . . . . 60 90 . . . . . . . Disable Machine 465 | . 15 . 15 45 . 30 . . 15 75 60 210 Anti-Garrison Action 300 | . . . . . . . . . . . 300 . Destroy Structure 592 | . 18 . 53 54 7 45 7 7 3 85 57 256 Advance Influence 150 | . . . . . . 150 . . . . . . Lose Combat Pursuer 780 | . 15 45 105 60 . 45 15 30 . 45 45 375 Influence Decreases 6199 | 15 222 271 631 1045 346 620 681 223 227 538 54 1326 Entered New Map 1107 | . . 28 . 241 128 6 90 33 69 . 24 488 Time Decay 4050 | 15 222 233 571 624 218 434 469 190 118 478 . 478 Lost Part 423 | . . 10 60 30 . 10 22 . . 51 30 210 Lost Ally 319 | . . . . . . 170 100 . 40 9 . . Purge Threat 300 | . . . . 150 . . . . . . . 150 Squads Dispatched 30 | . . . 2 3 . 3 1 . . 6 . 15 Investigation 6 | . . . . 2 . 1 . . . . . 3 Extermination 7 | . . . . . . 2 . . . 3 . 2 Reinforcement 9 | . . . 1 1 . . 1 . . 3 . 3 Assault 4 | . . . . . . . . . . . . 4 Garrison 4 | . . . 1 . . . . . . . . 3 Intercept . | . . . . . . . . . . . . . Searches Triggered . | . . . . . . . . . . . . . Construction Impeded 1 | . . . . 1 . . . . . . . . Haulers Reinforced . | . . . . . . . . . . . . . Active Scanning Responses . | . . . . . . . . . . . . . Cargo Convoy Interrupts 1 | . . . . . . 1 . . . . . . Stealth | -11 -10 -10 -8 -8 -8 -6 -6 -6 -6 -6 -6 -5 --------- Run | Yrd Mat Sub Mat Sto Rec Fac Ext Cet Arc Hub Gar Fac Distress Signals 28 | . 3 . 7 5 1 3 1 2 . 5 . 1 Communications Jammed . | . . . . . . . . . . . . . Distress Signals . | . . . . . . . . . . . . . Times Spotted 331 | . 18 20 49 24 4 25 25 9 2 26 28 101 Peak Tracking Total 18 | . 4 6 6 8 1 5 3 5 1 5 4 18 Tactical Retreats 41 | . 3 2 5 2 . 2 1 1 . 3 2 20 Traps | -11 -10 -10 -8 -8 -8 -6 -6 -6 -6 -6 -6 -5 ------- Run | Yrd Mat Sub Mat Sto Rec Fac Ext Cet Arc Hub Gar Fac Traps Triggered 12 | . 2 2 . . . . 2 . . . 4 2 Indirectly . | . . . . . . . . . . . . . Trap Hack Attempts . | . . . . . . . . . . . . . Triggered . | . . . . . . . . . . . . . Disarmed . | . . . . . . . . . . . . . Reprogrammed . | . . . . . . . . . . . . . Reused 2 | . . 2 . . . . . . . . . . Traps Extracted . | . . . . . . . . . . . . . Installed 2 | . . 2 . . . . . . . . . . Triggered . | . . . . . . . . . . . . . Most Traps Carried 2 | . . 2 . . . . . . . . . . Machines | -11 -10 -10 -8 -8 -8 -6 -6 -6 -6 -6 -6 -5 ---------- Run | Yrd Mat Sub Mat Sto Rec Fac Ext Cet Arc Hub Gar Fac Machines Disabled 36 | . 1 1 1 3 . 2 . . 1 5 8 14 Max in Single Turn 5 | . 1 1 1 1 . 1 . . 1 2 1 5 Garrison Access 3 | . . . 1 1 . . . . . . . 1 Garrison Relay 4 | . . . . . . . . . . . 4 . Network Hub 1 | . . . . . . . . . . 1 . . Energy Cycler 1 | . . . . . . . 1 . . . . . Machines Repaired . | . . . . . . . . . . . . . Machines Dismantled . | . . . . . . . . . . . . . Machines Sabotaged . | . . . . . . . . . . . . . Overloaded Fab Kills . | . . . . . . . . . . . . . Hacking | -11 -10 -10 -8 -8 -8 -6 -6 -6 -6 -6 -6 -5 --------- Run | Yrd Mat Sub Mat Sto Rec Fac Ext Cet Arc Hub Gar Fac Machines Accessed 70 | . 6 2 10 15 9 9 3 . . 8 1 7 Terminals 49 | . 6 . 8 10 5 6 2 . . 7 1 4 Fabricators 1 | . . . . . . 1 . . . . . . Repair Stations 5 | . . . 1 2 . . . . . . . 2 Recycling Units 7 | . . . . 2 3 1 1 . . . . . Scanalyzers . | . . . . . . . . . . . . . Garrison Access 5 | . . . 1 1 . 1 . . . 1 . 1 Total Hacks 205 | . 18 6 29 37 25 32 8 . . 32 2 16 Successful 116 | . 10 6 13 23 18 15 3 . . 21 . 7 Failed 88 | . 8 . 16 14 6 17 5 . . 11 2 9 Catastrophic 10 | . 2 . 1 2 . . . . . 1 . 4 Database Lockouts 1 | . . . . . 1 . . . . . . . Manual 123 | . 16 . 22 18 18 16 7 . . 19 . 7 Terminals 153 | . 18 . 24 24 17 19 5 . . 31 2 13 Fabricators 4 | . . . . . . 4 . . . . . . Repair Stations 14 | . . . 4 8 . . . . . . . 2 Recycling Units 17 | . . . . 3 5 6 3 . . . . . Scanalyzers . | . . . . . . . . . . . . . Garrison Access 8 | . . . 1 2 . 3 . . . 1 . 1 Terminal Hacks 41 | . 3 6 3 6 7 1 . . . 11 . 4 Record 6 | . . 5 . . 1 . . . . . . . Part Schematic 3 | . 2 . 1 . . . . . . . . . Robot Schematic 1 | . . . . . 1 . . . . . . . Robot Analysis 1 | . . . 1 . . . . . . . . . Prototype ID Bank 2 | . . . . . 1 . . . . 1 . . Open Door 3 | . . . . 2 . 1 . . . . . . Level Access Points 2 | . . . . . . . . . . 1 . 1 Branch Access Points 1 | . . . . . . . . . . . . 1 Emergency Access Points 1 | . . . . . . . . . . . . 1 Terminal Index 2 | . . . . . 1 . . . . 1 . . Garrison Index 1 | . . . . . . . . . . 1 . . Alert Level 3 | . . . . 1 1 . . . . 1 . . Unreport Threat 2 | . . . . 1 . . . . . . . 1 Locate Traps 7 | . 1 . 1 2 . . . . . 3 . . Hauler Manifests 1 | . . . . . . . . . . 1 . . Zone Layout 2 | . . . . . . . . . . 2 . . Proto ID Catalog 1 | . . 1 . . . . . . . . . . Release Object 2 | . . . . . 2 . . . . . . . Fabricator Hacks 3 | . . . . . . 3 . . . . . . Network Status 1 | . . . . . . 1 . . . . . . Load Schematic 1 | . . . . . . 1 . . . . . . Build 1 | . . . . . . 1 . . . . . . Repair Station Hacks 8 | . . . 2 6 . . . . . . . . Scan Component 4 | . . . 1 3 . . . . . . . . Repair 4 | . . . 1 3 . . . . . . . . Recycling Unit Hacks 1 | . . . . . . 1 . . . . . . Retrieve Components 1 | . . . . . . 1 . . . . . . Scanalyzer . | . . . . . . . . . . . . . Garrison Access Hacks 4 | . . . 1 1 . . . . . 1 . 1 Unlock Access 1 | . . . . . . . . . . 1 . . Seal Access 3 | . . . 1 1 . . . . . . . 1 Unauthorized Hacks 59 | . 7 . 7 10 11 10 3 . . 9 . 2 Terminals 46 | . 7 . 7 8 6 7 2 . . 9 . . Track 2 | . . . . . . 1 . . . 1 . . Assimilate 4 | . . . . 1 . 3 . . . . . . Botnet 7 | . 1 . 1 1 1 . 2 . . 1 . . Operators 6 | . 1 . 1 1 . 1 . . . 2 . . Skim 27 | . 5 . 5 5 5 2 . . . 5 . . Fabricators . | . . . . . . . . . . . . . Repair Stations 2 | . . . . . . . . . . . . 2 Patch 2 | . . . . . . . . . . . . 2 Recycling Units 11 | . . . . 2 5 3 1 . . . . . Reject 3 | . . . . . 1 1 1 . . . . . Recyclers 1 | . . . . . . 1 . . . . . . Mask 2 | . . . . . 1 1 . . . . . . Tunnel 5 | . . . . 2 3 . . . . . . . Scanalyzers . | . . . . . . . . . . . . . Garrison Access . | . . . . . . . . . . . . . Data Cores Recovered 1 | . . . . . . . . . . 1 . . Used 1 | . . . . . . . . . . 1 . . Hacking Detections 54 | . 6 . 9 11 5 8 3 . . 7 1 4 Full Trace Events 2 | . . . . . . 1 . . . . . 1 Feedback Events . | . . . . . . . . . . . . . Feedback Blocked . | . . . . . . . . . . . . . Robot Schematics Acquired 1 | . . . . . 1 . . . . . . . Robots Built . | . . . . . . . . . . . . . Authchips . | . . . . . . . . . . . . . Time . | . . . . . . . . . . . . . Total Robot Build Rating . | . . . . . . . . . . . . . Part Schematics Acquired 3 | . 2 . 1 . . . . . . . . . Parts Built 2 | . . . . . . 2 . . . . . . Authchips 1 | . . . . . . 1 . . . . . . Time 73 | . . . . . . 73 . . . . . . Total Part Build Rating 6 | . . . . . . 6 . . . . . . Parts Repaired 4 | . . . 1 3 . . . . . . . . Time 146 | . . . 32 114 . . . . . . . . Parts Recycled . | . . . . . . . . . . . . . Recycled Matter . | . . . . . . . . . . . . . Retrieved Matter . | . . . . . . . . . . . . . Retrieved Components 2 | . . . . . . 2 . . . . . . Parts Scanalyzed . | . . . . . . . . . . . . . Part Schematics Acquired . | . . . . . . . . . . . . . Parts Damaged . | . . . . . . . . . . . . . Bothacking | -11 -10 -10 -8 -8 -8 -6 -6 -6 -6 -6 -6 -5 ------------ Run | Yrd Mat Sub Mat Sto Rec Fac Ext Cet Arc Hub Gar Fac Used RIF Installer . | . . . . . . . . . . . . . Robots Hacked . | . . . . . . . . . . . . . Non-combat . | . . . . . . . . . . . . . Combat . | . . . . . . . . . . . . . Robot Hacks Applied . | . . . . . . . . . . . . . Relay Couplers Released 14 | . . . . 1 . . . . . . 13 . Machine Destruction 14 | . . . . 1 . . . . . . 13 . Fabnet Peak Effective % . | . . . . . . . . . . . . . Robots Rewired 8 | . . . . . . . 8 . . . . . Allies Hacked . | . . . . . . . . . . . . . Hacks Repelled . | . . . . . . . . . . . . . Allies | -11 -10 -10 -8 -8 -8 -6 -6 -6 -6 -6 -6 -5 -------- Run | Yrd Mat Sub Mat Sto Rec Fac Ext Cet Arc Hub Gar Fac Total Allies 21 | . . . . 10 . 2 9 . . . . . Largest Group 10 | . . . . 10 9 7 5 4 4 2 . . Highest-Rated Group 173 | . . . . 173 157 125 140 129 121 59 . . Highest-Rated Ally 39 | . . . . 29 29 29 39 39 39 39 . . Initial Warlord ECA Mod 7 | . . . . . . . . . . . . 7 Total Orders 12 | . . . . 3 . 9 . . . . . . STAY 3 | . . . . 1 . 2 . . . . . . FOLLOW 4 | . . . . 2 . 2 . . . . . . EXPLORE 4 | . . . . . . 4 . . . . . . RETURN 1 | . . . . . . 1 . . . . . . Ally Attacks 152 | . . . . 8 35 39 33 24 3 10 . . Total Damage 2381 | . . . . 128 540 420 668 433 47 145 . . Kills 27 | . . . . 1 6 7 6 3 2 2 . . Allies Corrupted . | . . . . . . . . . . . . . Allies Melted . | . . . . . . . . . . . . . Intel | -11 -10 -10 -8 -8 -8 -6 -6 -6 -6 -6 -6 -5 ------- Run | Yrd Mat Sub Mat Sto Rec Fac Ext Cet Arc Hub Gar Fac Active Infowar (turns) 9633 | 81 1276 5545 1831 434 . . . . . . . 466 Terrain 183 | 60 123 . . . . . . . . . . . Structural 1314 | . . 435 749 130 . . . . . . . . Seismic 8413 | 21 1153 5110 1695 434 . . . . . . . . ECM 466 | . . . . . . . . . . . . 466 Robot Analysis Total 1 | . . . 1 . . . . . . . . . Derelict Logs Recovered 1 | . . 1 . . . . . . . . . . Drone Launches 3 | . . . . . . 3 . . . . . . Drone Recoveries 1 | . . . . . . 1 . . . . . . Exploration | -11 -10 -10 -8 -8 -8 -6 -6 -6 -6 -6 -6 -5 ------------- Run | Yrd Mat Sub Mat Sto Rec Fac Ext Cet Arc Hub Gar Fac Turns Passed 22375 | 166 1564 5819 2542 2123 1761 1068 2333 397 485 1453 1435 1229 Spaces Moved 11418 | 80 708 2894 1002 741 1087 604 1395 224 198 673 1015 797 Core 9 | 9 . . . . . . . . . . . . Treads 7115 | 71 708 2894 1002 419 518 64 792 224 129 81 . 213 Legs 2827 | . . . . . . . 567 . 69 592 1015 584 Wheels 1467 | . . . . 322 569 540 36 . . . . . Hover . | . . . . . . . . . . . . . Flight . | . . . . . . . . . . . . . Fastest Speed 50 | 50 160 160 155 165 148 115 104 104 104 101 101 101 Average Speed 147 | 150 160 160 166 212 152 124 118 104 149 167 101 118 Slowest Speed 250 | 160 160 240 250 250 165 245 241 104 171 171 101 133 Overloaded Moves . | . . . . . . . . . . . . . Propulsion Burnouts . | . . . . . . . . . . . . . Robots Hopped . | . . . . . . . . . . . . . Potential Cave-ins . | . . . . . . . . . . . . . Cave-ins Triggered . | . . . . . . . . . . . . . Exploration Rate (%) 63 | 5 69 95 82 88 98 14 85 56 76 52 75 31 Regions Visited 12 Branch Regions 7 Pre-discovered Areas 15 | . 2 1 1 4 5 . . . . 2 . . Known Exits Taken 6 | . . 1 1 1 1 . 1 . . 1 . . Unknown Exits Taken 5 | 1 1 . . . . 1 . 1 1 . . . Scrap Searched 9 | . . 9 . . . . . . . . . . Spaces Dug 178 | . 15 17 32 28 7 35 3 1 1 18 . 21 Terrain Destroyed 515 | . 26 43 53 52 7 54 6 5 1 91 10 167 Melee 53 | . . . 23 13 7 7 3 . . . . . Projectile 133 | . 6 9 14 7 . 2 3 1 1 41 2 47 AOE 328 | . 20 34 16 32 . 45 . 4 . 50 8 119 Terrain Rammed . | . . . . . . . . . . . . . Walls Destroyed . | . . . . . . . . . . . . . Machines Disabled . | . . . . . . . . . . . . . Actions | -11 -10 -10 -8 -8 -8 -6 -6 -6 -6 -6 -6 -5 --------- Run | Yrd Mat Sub Mat Sto Rec Fac Ext Cet Arc Hub Gar Fac Total 15811 | 106 1058 3866 1644 1162 1187 877 2000 381 385 914 1269 962 Wait 2936 | 2 271 757 412 318 63 191 350 117 178 146 102 29 Move 11404 | 79 707 2893 1001 740 1086 603 1394 223 197 672 1012 797 Hop . | . . . . . . . . . . . . . Pick Up 142 | 7 11 18 24 11 6 15 17 8 1 4 8 12 Fast Attach 39 | 8 4 3 5 1 1 1 4 2 1 3 . 6 Attach 74 | . . 5 8 5 2 11 10 3 . 6 9 15 Detach 32 | 1 1 1 1 . 3 4 9 3 . 4 2 3 Swap 177 | . 17 65 50 14 3 9 7 1 . 3 4 4 Drop 131 | . 9 18 21 8 15 8 19 13 3 4 7 6 Fire 593 | 9 38 104 50 32 . 22 56 11 5 72 118 76 Melee 133 | . . . 71 33 8 13 8 . . . . . Ram . | . . . . . . . . . . . . . Kick 1 | . . . . . . . . . . . . 1 Crush 12 | . . . 1 . . . 1 . . . . 10 Escape Stasis 19 | . . . . . . . 12 . . . 4 3 Rewire 116 | . . . . . . . 113 . . . 3 . Trap 2 | . . 2 . . . . . . . . . . Miscellaneous . | . . . . . . . . . . . . . Route ------- -11/Scrapyard -10/Materials (discovered 5 exits: *Mat x3 / [*Min] / *Sub) -10/Subcaves (discovered 3 exits: *Mat x2 / Rec) -8/Materials (discovered 2 exits: *Fac / *Sto) -8/Storage (discovered 2 exits: *Fac / *Rec) -8/Recycling -6/Factory (discovered 4 exits: Fac / *Low x2 / *Ext) -6/Extension (discovered 3 exits: *Fac x2 / *Cet) -6/Cetus (discovered 2 exits: *Fac / [*Arc]) -6/Archives (discovered 2 exits: *Fac / *Hub) -6/Hub_04(d) (discovered 5 exits: *Fac x4 / Gar) -6/Garrison (discovered 3 exits: *Fac x3) -5/Factory (discovered 6 exits: *Fac x4 / Upp x2) History --------- Turn | Location | Event 18 | -11/Scrapyard | Discovered new exit (range 16) 167 | -11/Scrapyard | Entered Materials 313 | -10/Materials | Build established: Mutant 394 | -10/Materials | Discovered new exit (range 6) 818 | -10/Materials | Discovered new exit (range 12) 867 | -10/Materials | Derelicts attacked the area 1167 | -10/Materials | Discovered new exit (range 13) 1490 | -10/Materials | Learned location of Recycling (-8) 1559 | -10/Materials | Learned Storage trap positions 1580 | -10/Materials | Learned 4 Recycling zone layouts 1593 | -10/Materials | Learned location of 2 exits from Mines 1594 | -10/Materials | Learned location of Storage (-8) 1595 | -10/Materials | Identified exit to Materials 1631 | -10/Materials | Learned Materials emergency access door positions 1731 | -10/Materials | Entered Subcaves 1732 | -10/Subcaves | Shifting Twisted Machinery released Sub. Power Source 1732 | -10/Subcaves | Approached by a straggling Scientist 1737 | -10/Subcaves | Shifting Twisted Machinery released Mak. Light Armor Plating 2300 | -10/Subcaves | Discovered new exit (range 5) 2444 | -10/Subcaves | Build established: Scavenger-Mutant 2482 | -10/Subcaves | Shifting Twisted Machinery released Battle Cannon 2493 | -10/Subcaves | Shifting Twisted Machinery released Sub. Machine Gun 2519 | -10/Subcaves | A swath of the cavern ceiling suddenly collapsed 2935 | -10/Subcaves | Core integrity fell below 50% 3805 | -10/Subcaves | Shifting Twisted Machinery released Battle Cannon 3819 | -10/Subcaves | Shifting Twisted Machinery released Shrapnel Trap 4019 | -10/Subcaves | Disturbed a concealed Subdweller 4326 | -10/Subcaves | Build established: Mutant 4332 | -10/Subcaves | A swath of the cavern ceiling suddenly collapsed 4743 | -10/Subcaves | Visited Clippyterm 4748 | -10/Subcaves | Identified exit to Materials 4748 | -10/Subcaves | Identified exit to Recycling 4748 | -10/Subcaves | Learned location of Deep Caves (-7) 4945 | -10/Subcaves | Ambushed by Subdwellers from Twisted Machinery 5972 | -10/Subcaves | Build established: Scavenger-Mutant 7056 | -10/Subcaves | Learned Materials terminal intel 7111 | -10/Subcaves | Visited 4L-MR0's lab 7130 | -10/Subcaves | Found Meta Core 7550 | -10/Subcaves | Entered Materials 7550 | -8/Materials | Evolved 4 slots: Propulsion x1, Utility x2, Weapon x1 7551 | -8/Materials | Identified exit to Storage 7553 | -8/Materials | Loaded intel: 12 terminal locations 7662 | -8/Materials | Garrison activated, responded to threat 7847 | -8/Materials | Repaired Sub. Beam Cannon? 8038 | -8/Materials | Destroyed 7 combat bots 8587 | -8/Materials | Discovered new exit (range 16) 9372 | -8/Materials | Build established: Mutant 9681 | -8/Materials | Learned location of Lower Caves (-6) 9736 | -8/Materials | Learned Factory trap positions 9779 | -8/Materials | Learned Factory terminal intel 9814 | -8/Materials | Learned location of 1 exit from Storage 9841 | -8/Materials | Learned 2 Storage zone layouts 9877 | -8/Materials | Learned 4 Factory zone layouts 9924 | -8/Materials | Learned Factory emergency access door positions 10092 | -8/Materials | Entered Storage 10093 | -8/Storage | Identified exit to Factory 10095 | -8/Storage | Loaded intel: 17 trap records 10811 | -8/Storage | Repaired Imp. Heat Sink 10991 | -8/Storage | Destroyed 7 combat bots 11152 | -8/Storage | Repaired Arm. Treads? 11220 | -8/Storage | Repaired Arm. Treads 11325 | -8/Storage | Used back door to open Recycling access 11325 | -8/Storage | Discovered exit to Recycling (range 5) 11648 | -8/Storage | Assisted by bots powering up and referring to "LRC-V3" 11718 | -8/Storage | Learned location of 1 exit from Extension 11911 | -8/Storage | Learned location of 1 exit from Recycling 11934 | -8/Storage | Learned location of 1 exit from Extension 11947 | -8/Storage | Learned location of 1 exit from Extension 11957 | -8/Storage | Build established: Commander-Mutant 11968 | -8/Storage | Learned Storage trap positions 12000 | -8/Storage | Learned location of 2 exits from Lower Caves 12215 | -8/Storage | Entered Recycling 12215 | -8/Recycling | Accompanied by 9 allies 12216 | -8/Recycling | Identified exit to Factory 12435 | -8/Recycling | Entered Scraplab 12443 | -8/Recycling | Found Prototype Device 12443 | -8/Recycling | Identified Scrap Engine 13428 | -8/Recycling | Learned 4 Lower Caves zone layouts 13448 | -8/Recycling | Build established: Commander-Construct 13481 | -8/Recycling | Learned Factory stockpile data 13604 | -8/Recycling | Learned location of Lower Caves (-7) 13625 | -8/Recycling | Learned location of 1 exit from Lower Caves 13976 | -8/Recycling | Entered Factory 13976 | -6/Factory | Accompanied by 7 allies 13976 | -6/Factory | Evolved 4 slots: Propulsion x2, Utility x2 13977 | -6/Factory | Identified exit to Lower Caves 13978 | -6/Factory | Identified exit to Factory 13979 | -6/Factory | Loaded intel: 102 trap records 13982 | -6/Factory | Loaded intel: 28 terminal locations 14234 | -6/Factory | Fabricated Imp. Utility Shielding? 14246 | -6/Factory | Build established: Commander-Mutant 14618 | -6/Factory | Lost 4 allies 14642 | -6/Factory | Destroyed 7 combat bots 14874 | -6/Factory | Cargo convoy interrupted 15001 | -6/Factory | Build established: Mutant 15020 | -6/Factory | Discovered new exit (range 6) 15044 | -6/Factory | Entered Extension 15045 | -6/Extension | Identified exit to Cetus 15378 | -6/Extension | Energy Cycler disabled 15378 | -6/Extension | Rescued a captive Derelict 15380 | -6/Extension | Rescued a captive Derelict 15381 | -6/Extension | Rescued a captive Derelict 15381 | -6/Extension | Rescued a captive Derelict 15381 | -6/Extension | Rescued a captive Derelict 15382 | -6/Extension | Rescued a captive Derelict 15968 | -6/Extension | Build established: Construct 16226 | -6/Extension | Spotted B-75 Beast 16252 | -6/Extension | Destroyed B-75 Beast 16256 | -6/Extension | Spotted B-75 Beast 16278 | -6/Extension | Allies destroyed B-75 Beast 16300 | -6/Extension | Lost 4 allies 16301 | -6/Extension | Extracted ID and sensor layout for unrecognized location from A7's data core 17377 | -6/Extension | Entered Cetus 17377 | -6/Cetus | Accompanied by 4 allies 17405 | -6/Cetus | Spotted Cetus Guard 17405 | -6/Cetus | Spotted Cetus Guard 17415 | -6/Cetus | Spotted Cetus Guard 17415 | -6/Cetus | Spotted Cetus Guard 17419 | -6/Cetus | Allies destroyed Cetus Guard 17423 | -6/Cetus | Destroyed Cetus Guard 17425 | -6/Cetus | Allies destroyed Cetus Guard 17427 | -6/Cetus | Destroyed Cetus Guard 17486 | -6/Cetus | Build established: Commander-Construct 17587 | -6/Cetus | Discovered new exit (range 16) 17617 | -6/Cetus | Spotted Cetus Guard 17618 | -6/Cetus | Spotted Cetus Guard 17621 | -6/Cetus | Spotted Cetus Guard 17621 | -6/Cetus | Spotted Cetus Guard 17626 | -6/Cetus | Destroyed Cetus Guard 17626 | -6/Cetus | Destroyed Cetus Guard 17627 | -6/Cetus | Destroyed Cetus Guard 17628 | -6/Cetus | Allies destroyed Cetus Guard 17633 | -6/Cetus | Discovered exit to Factory (range 15) 17643 | -6/Cetus | Met Revision 17 17774 | -6/Cetus | Entered Archives 17774 | -6/Archives | Accompanied by 4 allies 18038 | -6/Archives | Discovered exit to Factory (range 15) 18070 | -6/Archives | Build established: Construct 18226 | -6/Archives | Discovered new exit (range 15) 18259 | -6/Archives | Entered Hub_04(d) 18259 | -6/Hub_04(d) | Accompanied by 2 allies 18809 | -6/Hub_04(d) | Learned location of Extension (-6) 18865 | -6/Hub_04(d) | Loaded intel: 19 trap records 18876 | -6/Hub_04(d) | Learned location of 1 exit from Cetus 18878 | -6/Hub_04(d) | Learned Factory repair station intel 18888 | -6/Hub_04(d) | Learned 4 Upper Caves zone layouts 19139 | -6/Hub_04(d) | Identified exit to Garrison 19286 | -6/Hub_04(d) | Network Hub disabled 19288 | -6/Hub_04(d) | Spotted Lightning 19288 | -6/Hub_04(d) | Spotted Lightning 19290 | -6/Hub_04(d) | Spotted Lightning 19332 | -6/Hub_04(d) | System corruption reached 10% 19366 | -6/Hub_04(d) | Core integrity fell below 50% 19374 | -6/Hub_04(d) | System corruption reached 30% 19385 | -6/Hub_04(d) | Destroyed Lightning 19400 | -6/Hub_04(d) | Destroyed Lightning 19408 | -6/Hub_04(d) | Destroyed Lightning 19423 | -6/Hub_04(d) | Lost 6 parts (1p1u4w) 19622 | -6/Hub_04(d) | Build established: Scavenger-Construct 19712 | -6/Hub_04(d) | Entered Garrison 19802 | -6/Garrison | Triggered checkpoint 19853 | -6/Garrison | Garrison Relay disabled 19868 | -6/Garrison | Found Hvy. Insulated Plating 20008 | -6/Garrison | Triggered checkpoint 20035 | -6/Garrison | Triggered checkpoint 20236 | -6/Garrison | Triggered checkpoint 20287 | -6/Garrison | Garrison Relay disabled 20412 | -6/Garrison | Build established: Construct 20458 | -6/Garrison | Triggered checkpoint 20495 | -6/Garrison | Garrison Relay disabled 20646 | -6/Garrison | Triggered checkpoint 20768 | -6/Garrison | Triggered checkpoint 20804 | -6/Garrison | Garrison Relay disabled 20945 | -6/Garrison | Attempted to access garrison exit controls, blocked by remote lockdown 21037 | -6/Garrison | Attempted to access garrison exit controls, blocked by remote lockdown 21147 | -6/Garrison | Entered Factory 21147 | -5/Factory | Evolved 2 slots: Power x1, Propulsion x1 21148 | -5/Factory | Loaded intel: 6 repair station locations 21357 | -5/Factory | Spotted B-75 Beast 21447 | -5/Factory | First assault squad dispatched 21585 | -5/Factory | Discovered new exit (range 8) 21602 | -5/Factory | Identified exit to Factory 21608 | -5/Factory | Attached Meta Core, gained temporary slots: Propulsion, Utility, Weapon 21809 | -5/Factory | Garrison activated, responded to threat 22190 | -5/Factory | Lost 4 parts (2u2w) 22254 | -5/Factory | Core integrity fell below 50% 22264 | -5/Factory | Identified exit to Upper Caves 22302 | -5/Factory | System corruption reached 10% 22359 | -5/Factory | Core integrity fell below 20% 22376 | -5/Factory | Destroyed by G-50 Soldier with Heavy Laser Last Messages --------------- 22351_ Coil Gun destroyed. 22351_ Critical hit (Burn: +37). 22352_ Crushed P-70 Sage. 22352_ P-70 Sage destroyed. 22353_ Acquired 40 matter. 22354_ Slammed into G-50 Soldier. 22354_ Penetrated by Slug. 22355_ Slammed into G-50 Soldier. 22356_ Critical hit (Burn: +37). 22356_ Slammed into G-50 Soldier. 22357_ Penetrated by Slug. 22357_ Treaded FC Exoskeleton destroyed. 22357_ Treaded FC Exoskeleton core remains intact and functional. 22358_ Slammed into G-50 Soldier. 22359_ 8XZGMZDJQW3:M=NQ=E%R/R#PT 6BG 22359_ Slammed into G-50 Soldier. 22360_ Penetrated by Slug. 22371_ K-01 Serf cleans the Fabricator. 22374_ System corrupted: Heat flow error (+208). 22374_ K-01 Serf cleans the Fabricator. Map ----- +----------------------------------------------------+ | ?????????????????????????????????????????????????? | | ?????????????????????????????????????????????????? | | ?????????????????????????????????????????????????? | | ?????????????????????????????????????????????????? | | ?????????????????????????????????????????????????? | | ?????????????????????????????????????????????????? | | ??????????????? ???????????????????????????????? | | ?????????????? [[ ?????????????????????????????? | | ????????????? [ #????????????????????????????? | | ?????????????! #????????????????????????????? | | ????????????!! #????????????????????????????? | | # ??????????? #????????????????????????????? | | ??????????? #????????????????????????????? | | ???????????# /????????????????????????????? | | ??????????# #????????????????????????????? | | ??????????# #????????????????????????????? | | ??????????# #????????????????????????????? | | ###+####+###### #????????????????????????????? | | ?# # ################?????????????? | | ?# !! g # wp ?????????????? | | ## ! /g ! ????????????? | | # # p ????????????????? | | ?# ! """" # """ """?????????????????? | | ?# """ # """ """ "???????????????? | | ?# """"[!######## """ """ """?????????????? | | ?# """ #??????# @ ????????? | | ?# "" """" #??????# """ """?????????????? | | ?# S"" """" [#??????# " F" """ "???????????????? | | ?# "" """" #??????# """"k""" "???????????????? | | ?# !#??????# ????????????????? | | ?#####/########?????? k ???????????????? | | ##???# #????????????#### ######+##???????????????? | | #???# #???????????????# #???????????????????????? | | [#???# #???????????????#u#???????????????????????? | | #???# #???????????????# #???????????????????????? | | ##### #???????????????# #???????????????????????? | | / #???????????????# #???????????????????????? | | "#######???????????????# #???????????????????????? | | "#?????????????????????? ????????????????????????? | | "#???????????????????????????????????????????????? | | #???????????????????????????????????????????????? | | ##???????????????????????????????????????????????? | | ?????????????????????????????????????????????????? | | ?????????????????????????????????????????????????? | | ?????????????????????????????????????????????????? | | ?????????????????????????????????????????????????? | | ?????????????????????????????????????????????????? | | ?????????????????????????????????????????????????? | | ?????????????????????????????????????????????????? | | ?????????????????????????????????????????????????? | +----------------------------------------------------+ Best States ------------- Heat Dissipation 59 Energy Generation 42 Energy Capacity 500 Matter Stores 300 Matter Capacity 300 Sight Range 16 Terrain Scan Range 16 Terrain Scan Density 10 ECM Strength 1 Armor Coverage 900 Resistance: EM 30 Utility Shielding 66 Evasion (%) 55 Recoil Reduction 5 Offensive Hacking 12 Defensive Hacking 12 Authchip Count 1 Item Schematics ----------------- Huge Storage Unit | -10/Materials | Hacked Hcp. Storage Unit | -10/Materials | Hacked Imp. Utility Shielding | -8/Materials | Hacked Robot Schematics ------------------ M-28 Smith | -8/Recycling | Hacked Fabricated ------------ Imp. Utility Shielding | x2 | -6/Factory | Authchip Repaired ---------- Sub. Beam Cannon | 6% | -8/Materials Imp. Heat Sink | 12% | -8/Storage Arm. Treads | 11% | -8/Storage Arm. Treads | 19% | -8/Storage Alien Tech Used ----------------- None Achievements -------------- None Challenges ------------ None Game ------ Seed DroneDisposableRouter Manual? 0 Play Time 03:46:18 Cumulative 837.8 hours Start 2025.05.14 @ 06:22:01 End 2025.05.15 @ 02:43:09 Sessions 3 Manual Loads 0 Difficulty Rogue Special Mode None Game No. 164 Rogue 164 Adventurer 0 Explorer 0 Win Type - Total 48 Types 22/4/7/1/2/1/6/2/2/1 Lore% 86 Gallery% 88 Achievement% 91 Wizard Run 0 Options --------- Layout 0 ASCII 0 Keyboard 0 Movement Numpad Keybinds 0 Fullscreen 1 Font 18/SmallcapsGlow Map View 76x50 Zoom Use 0% Tactical HUD 1 Map Filters NONE Filters NONE Steam 1 RUN: 593558a4-9ac4-4463-b891-688e2ef4cf19